 Dungeon Sprint DCSS version 0.26-a0-665-gefeb406119 (webtiles) character file.

Game seed: 4856750173293930958

12509 rocky1 the Peltast (level 12, -6/107 HPs)
             Began as a Formicid Fighter on Oct 15, 2020.
             Was the Champion of Cheibriados.
             Mangled by a vampire knight
             ... wielding a +0 long sword
              (23 damage)
             ... in the Dungeon (Sprint IX: "|||||||||||||||||||||||||||||").
             The game lasted 00:10:05 (2630 turns).

rocky1 the Peltast (Formicid Fighter)               Turns: 2630, Time: 00:10:05

Health: -6/107     AC: 24    Str: 40    XL:     12   Next: 21%
Magic:  16/18      EV: 18    Int: 24    God:    Cheibriados [******]
Gold:   1372       SH: 26    Dex: 25    Spells: 11/11 levels left

rFire    . . .     SeeInvis +   k - +2 scimitar (flame)
rCold    . . .     Faith    .   w - +0 tower shield
rNeg     . . .     Spirit   .   u - +1 plate armour {rPois}
rPois    +         Reflect  .   (helmet unavailable)
rElec    .         Harm     .   v - +1 cloak
rCorr    .         Rampage  .   (no gloves)
MR       +....                  l - +0 pair of boots
Stlth    ..........             (no amulet)
HPRegen  0.27/turn              n - +2 ring of protection
MPRegen  0.16/turn              o - +2 ring of protection

@: very slow
A: permanent stasis, dig shafts and tunnels, four strong arms, antennae 3
a: Dig, Bend Time, Temporal Distortion, Slouch, Step From Time, Renounce
Religion


You were in the Dungeon.
You worshipped Cheibriados.
Cheibriados was exalted by your worship.
You visited 1 branch You collected 1927 gold pieces.
You spent 555 gold pieces at shops.

Inventory:

Hand Weapons
 a - the +1 long sword of Brutal Revenge {vorpal, MR+}
   (You bought it in a shop in the Dungeon)

   It inflicts extra damage upon your enemies.
   It affects your resistance to hostile enchantments.
 k - a +2 scimitar of flaming (weapon)
 z - a +0 eveningstar of protection
Missiles
 t - 8 javelins (quivered)
Armour
 l - a +0 pair of boots (worn)
 u - a +1 plate armour of poison resistance (worn)
 v - a +1 cloak (worn)
 w - a +0 tower shield (worn)
 A - the +12 plate armour of Uskayaw's Envy {rF- Int+6 SInv Stlth+}
   (You found it in the Dungeon)

   It affects your intelligence (+6).
   It makes you vulnerable to fire.
   It lets you see invisible.
   It makes you more stealthy.
Jewellery
 c - an uncursed ring of poison resistance
 n - a +2 ring of protection (left hand)
 o - a +2 ring of protection (right hand)
 x - an uncursed ring of protection from cold
 y - an uncursed ring of fire
Wands
 j - a wand of iceblast (10)
Scrolls
 h - 4 scrolls of remove curse
 i - 2 scrolls of amnesia
 m - 3 scrolls of enchant weapon
 p - 3 scrolls of enchant armour
 q - 2 scrolls of fear
 r - a scroll of fog
 s - a scroll of identify
Potions
 b - a potion of might
 d - a potion of resistance
 e - 6 potions of curing
 f - 5 potions of heal wounds
 g - 4 potions of magic
 B - a potion of mutation


   Skills:
 + Level 14.1 Fighting
 + Level 14.3 Long Blades
 + Level 12.2 Armour
 + Level 10.0 Dodging
 + Level 16.8 Shields
 - Level 8.7 Invocations


You had 11 spell levels left.
You didn't know any spells.
Your spell library was empty.

Dungeon Overview and Level Annotations

Branches:
Dungeon (1/1)

Altars:
Cheibriados
Dithmenos
Elyvilon
Fedhas
Gozag
Hepliaklqana
Kikubaaqudgha
Makhleb
Nemelex Xobeh
Okawaru
Qazlal
Ru
Sif Muna
Trog
Uskayaw
Vehumet
Wu Jian
Xom
Yredelemnul
Zin
The Shining One
Beogh
Jiyva
Lugonu

Shops:
D (?[(


Innate Abilities, Weirdness & Mutations

You cannot be hasted, slowed, berserked, paralysed or teleported.
You can dig through walls and to a lower floor.
Your four strong arms can wield two-handed weapons with a shield.
You have a pair of large antennae on your head. (SInv)


Message History

The vampire knight bites you but does no damage.
You hit the vampire knight but do no damage.
The vampire knight is heavily damaged.
You block the wind drake's attack.
The vampire knight points at you and mumbles some strange words.
Your stasis prevents you from being paralysed.
You hit the vampire knight but do no damage.
The vampire knight is heavily damaged.
The wind drake flaps its wings at you. The air twists around and strikes you!
You hit the vampire knight. You burn the vampire knight.
The vampire knight is heavily damaged.
The vampire knight is infused with unholy energy.
* * * LOW HITPOINT WARNING * * *
The vampire knight draws life force from you and is healed!
You block the wind drake's attack.
You closely miss the vampire knight.
The vampire knight is moderately damaged.
The vampire knight hits you with a +0 long sword!!
You die...

...?†.........÷÷÷......†'........
▓▓▓▓▓▓▓▓▓▓▓▓▓▓▓▓▓▓▓▓▓▓▓▓▓▓▓▓▓▓▓▓▓
.................................
▓▓▓▓▓▓▓▓▓▓▓▓▓▓▓▓▓▓▓▓▓▓▓▓▓▓▓▓▓▓▓▓▓
)).).))...')))).......[')))).∩.∩.
▓▓▓▓▓▓▓▓▓▓▓▓▓▓▓▓▓▓▓▓▓▓▓▓▓▓▓▓▓▓▓▓▓
.................................
▓▓▓▓▓▓▓▓▓▓▓▓▓▓▓▓▓▓▓▓▓▓▓▓▓▓▓▓▓▓▓▓▓
).))))..[[[[[[[V@kVZzZ..()(Z.....
▓▓▓▓▓▓▓▓▓▓▓▓▓▓▓▓▓▓▓▓▓▓▓▓▓▓▓▓▓▓▓▓▓
{


{{{{{{{{ {{{{{{{{{ {{{{{{{{{ {{{{ { You could see a vampire knight (invisible),
a wind drake (repels missiles), a vampire mage, a spectral giant cockroach
(summoned), a flying skull (summoned) and a ball python zombie (summoned).

Vanquished Creatures
  A boulder beetle (D)
  A hydra (D)
  A two-headed ogre (D)
  An unseen horror (D)
  7 orc knights (D)
  A cyclops (D)
  A gargoyle (D)
  A cane toad (D)
  3 komodo dragons (D)
  An efreet (D)
  A tyrant leech (D)
  3 blink frogs (D)
  5 yaks (D)
  3 vampire mosquitoes (D)
  A water moccasin (D)
  A sky beast (D)
  19 orc warriors (D)
  2 ogres (D)
  8 bullfrogs (D)
  A scorpion (D)
  A killer bee (D)
  2 howler monkeys (D)
  A hound (D)
  4 orc priests (D)
  A jelly (D)
  2 orc wizards (D)
  An adder (D)
  An adder zombie (D)
  An adder skeleton (D)
  9 orcs (D)
  A giant cockroach (D)
  2 goblins (D)
  A bat (D)
  A kobold (D)
  A rat (D)
91 creatures vanquished.

Vanquished Creatures (others)
  A hog (shapeshifter) (D)
  An ogre (D)
2 creatures vanquished.

Grand Total: 93 creatures vanquished

Notes
Turn   | Place    | Note
-------+----------+-------------------------------------------
     0 | D        | rocky1 the Formicid Fighter began the quest for the Orb.
     0 | D        | Reached XP level 1. HP: 18/18 MP: 1/1
    11 | D        | Reached skill level 4 in Shields
   131 | D        | Noticed a howler monkey
   131 | D        | Noticed an ogre
   133 | D        | Reached XP level 2. HP: 24/24 MP: 2/2
   137 | D        | Killed a howler monkey
   137 | D        | Reached skill level 5 in Long Blades
   137 | D        | Reached skill level 6 in Shields
   137 | D        | Reached XP level 3. HP: 14/29 MP: 3/3
   138 | D        | Reached skill level 7 in Shields
   138 | D        | Reached XP level 4. HP: 17/35 MP: 4/4
   141 | D        | Killed an ogre
   141 | D        | Reached skill level 9 in Shields
   141 | D        | Reached XP level 5. HP: 21/41 MP: 5/5
   150 | D        | Found a roughly hewn altar of Beogh.
   150 | D        | Found a snail-covered altar of Cheibriados.
   150 | D        | Found a shadowy altar of Dithmenos.
   150 | D        | Found a white marble altar of Elyvilon.
   150 | D        | Found a blossoming altar of Fedhas.
   150 | D        | Found an opulent altar of Gozag.
   151 | D        | Found a hazy altar of Hepliaklqana.
   152 | D        | Found a viscous altar of Jiyva.
   153 | D        | Found an ancient bone altar of Kikubaaqudgha.
   154 | D        | Became a worshipper of Cheibriados the Contemplative
   168 | D        | Found a corrupted altar of Lugonu.
   295 | D        | Found a burning altar of Makhleb.
   296 | D        | Found a sparkling altar of Nemelex Xobeh.
   297 | D        | Found an iron altar of Okawaru.
   298 | D        | Found a stormy altar of Qazlal.
   299 | D        | Found a sacrificial altar of Ru.
   300 | D        | Found a shimmering blue altar of Sif Muna.
   301 | D        | Found a bloodstained altar of Trog.
   302 | D        | Found a hide-covered altar of Uskayaw.
   303 | D        | Found a radiant altar of Vehumet.
   304 | D        | Found an ornate altar of the Wu Jian Council.
   305 | D        | Found a shimmering altar of Xom.
   306 | D        | Found a basalt altar of Yredelemnul.
   307 | D        | Found a glowing silver altar of Zin.
   308 | D        | Found a glowing golden altar of the Shining One.
   364 | D        | Noticed a sky beast
   364 | D        | Noticed an ogre
   364 | D        | Noticed an orc warrior
   369 | D        | Killed a sky beast
   369 | D        | Reached skill level 10 in Shields
   369 | D        | Reached XP level 6. HP: 41/50 MP: 5/8
   375 | D        | Reached skill level 5 in Fighting
   376 | D        | Killed an ogre
   376 | D        | Reached * piety under Cheibriados
   376 | D        | Reached skill level 5 in Invocations
   376 | D        | Reached XP level 7. HP: 49/58 MP: 5/11
   382 | D        | Reached ** piety under Cheibriados
   382 | D        | Reached skill level 11 in Shields
   386 | D        | Noticed an efreet
   386 | D        | Noticed a yak
   402 | D        | Killed an efreet
   402 | D        | Reached *** piety under Cheibriados
   402 | D        | Reached skill level 10 in Long Blades
   402 | D        | Reached skill level 12 in Shields
   402 | D        | Reached XP level 8. HP: 24/69 MP: 9/14
   409 | D        | Reached **** piety under Cheibriados
   415 | D        | Killed a yak
   805 | D        | Noticed a komodo dragon
   805 | D        | Noticed a komodo dragon
   805 | D        | Noticed a cane toad
   807 | D        | Noticed a four-headed hydra
   812 | D        | Killed a komodo dragon
   812 | D        | Reached ***** piety under Cheibriados
   814 | D        | Killed a komodo dragon
   814 | D        | Reached skill level 5 in Armour
   814 | D        | Reached skill level 13 in Shields
   814 | D        | Reached XP level 9. HP: 77/77 MP: 15/15
   819 | D        | Noticed a komodo dragon
   822 | D        | Killed a one-headed hydra
   822 | D        | Reached skill level 10 in Fighting
   825 | D        | Killed a cane toad
   825 | D        | Reached skill level 5 in Dodging
   831 | D        | Reached XP level 10. HP: 68/86 MP: 16/16
   834 | D        | Killed a komodo dragon
   834 | D        | Reached ****** piety under Cheibriados
   834 | D        | Reached skill level 14 in Shields
   914 | D        | Noticed a boulder beetle
   937 | D        | Killed a boulder beetle
  1248 | D        | Reached skill level 15 in Shields
  1258 | D        | Reached XP level 11. HP: 66/95 MP: 17/17
  1458 | D        | Noticed an orc knight
  1470 | D        | Killed an orc knight
  1470 | D        | Reached skill level 10 in Armour
  1876 | D        | Found Zivykhe's Antique Weapon Emporium.
  1876 | D        | Noticed an orc knight
  1876 | D        | Noticed an orc knight
  1877 | D        | Noticed an orc knight
  1885 | D        | Killed an orc knight
  1886 | D        | Noticed an orc knight
  1889 | D        | Killed an orc knight
  1890 | D        | Found Peikogud's Magic Scroll Shoppe.
  1891 | D        | Killed an orc knight
  1891 | D        | Reached skill level 16 in Shields
  1897 | D        | Killed an orc knight
  1898 | D        | Found Latiqes's Antique Armour Emporium.
  2132 | D        | Found Zaesiut's Weapon Shoppe.
  2135 | D        | Noticed an orc knight
  2137 | D        | Noticed an orc knight
  2143 | D        | Killed an orc knight
  2160 | D        | Killed an orc knight
  2342 | D        | Bought a scroll of enchant weapon for 97 gold pieces
  2348 | D        | Bought an embroidered cloak for 180 gold pieces
  2348 | D        | Bought a tower shield for 108 gold pieces
  2381 | D        | Bought an ancient long sword for 170 gold pieces
  2381 | D        | Identified the cursed +1 long sword of Brutal Revenge
                  | {vorpal, MR+} (You bought it in a shop in the Dungeon)
  2508 | D        | Got the +12 plate armour of Uskayaw's Envy {rF- Int+6 SInv
                  | Stlth+}
  2581 | D        | Noticed a two-headed ogre
  2581 | D        | Noticed an unseen horror
  2581 | D        | Noticed a cyclops
  2595 | D        | Killed a two-headed ogre
  2595 | D        | Reached XP level 12. HP: 77/106 MP: 18/18
  2598 | D        | Noticed a vampire knight
  2600 | D        | Killed an unseen horror
  2601 | D        | Noticed a vampire mage
  2606 | D        | Reached skill level 10 in Dodging
  2630 | D        | Mangled by a vampire knight

Illustrated notes

Levels and vault maps discovered:
D:        linesprint [early_d, line_temple, items_1, d_10, items_2, lair_1,
          lair_end, items_3, orc_1, orc_end, items_4, d_15, swamp_1, shoals_1,
          snake_1, spider_1, d_20, vaults_1, items_5, swamp_end, shoals_end,
          snake_end, spider_end, vaults_end, d_27, items_6, zot_1, zot_end,
          crypt_end, forest_end, elf_end, slime_end, tomb_end, abyss_end,
          pan_hell_end]

Skill      XL: |  1  2  3  4  5  6  7  8  9 10 11 12 |
---------------+-------------------------------------+-----
Shields        | 4 6 7 9 10 12 13 15 16 | 16.8
Long Blades    | 3 5 7 8 10 11 12 14 | 14.3
Fighting       | 4 6 8 9 10 12 13 14 | 14.1
Invocations    | 3 5 8 |  8.7
Armour         | 5 7 9 11 12 | 12.2
Dodging        | 3 5 7 9 10 | 10.0

Action                   |  1- 3 |  4- 6 |  7- 9 | 10-12 || total
-------------------------+-------+-------+-------+-------++-------
Melee: Long sword        |    27 |     5 |       |       ||    32
       Scimitar          |       |    10 |    56 |   222 ||   288
Invok: Slouch            |       |       |       |     5 ||     5
  Use: Potion            |     1 |     1 |     1 |     1 ||     4
       Scroll            |       |       |       |     2 ||     2
 Stab: Invisible         |       |     2 |     5 |       ||     7
Armor: Scale mail        |     4 |       |       |       ||     4
       Ring mail         |       |       |     7 |    10 ||    17
       Plate armour      |       |       |       |     8 ||     8
Dodge: Dodged            |     8 |     4 |     4 |    54 ||    70
Block: Kite shield       |    16 |     1 |    25 |    93 ||   135
       Tower shield      |       |       |       |    26 ||    26
       Rpst.: Long sword |     4 |     1 |       |       ||     5
       Scimitar          |       |     1 |     1 |    10 ||    12

Table legend: (Time is in decaauts)
 A = Elapsed time spent in this place.
 B = Non-inter-level travel time spent in this place.
 C = Inter-level travel time spent in this place.
 D = Time resting spent in this place.
 E = Time spent auto-exploring this place.
 F = Levels seen in this place.
 G = Mean time per level.
                   A        B        C        D        E       F      G
               +--------+--------+--------+--------+--------+-----+--------+
         Total |   3147 |   3147 |      0 |   1514 |      0 |   1 | 3147.0 |
       Dungeon |   3147 |   3147 |      0 |   1514 |      0 |   1 | 3147.0 |
               +--------+--------+--------+--------+--------+-----+--------+

Top non-repeatable levels by time:
       D: 3147 daAuts
